 Dungeon Crawl Stone Soup version 0.30-a0-5-g3a90980b9d (webtiles) character file.

Game seed: 615384536633160799

375 Ijustatesigmund the Trooper (level 6, 0/56 HPs)
             Began as a Hill Orc Fighter on Aug 22, 2022.
             Slain by a gnoll bouda
             ... wielding a +0 whip
              (8 damage)
             ... on level 4 of the Dungeon.
             The game lasted 00:06:38 (4604 turns).

Ijustatesigmund the Trooper (Hill Orc Fighter)      Turns: 4604, Time: 00:06:39

Health: 0/56       AC:  8    Str: 19    XL:     6   Next: 72%
Magic:  6/6        EV:  8    Int: 16    God:
Gold:   237        SH:  8    Dex: 10    Spells: 4/5 levels left

rFire   + . .      SeeInvis .    a - +1 war axe
rCold   + . .      Faith    .    c - +0 kite shield
rNeg    . . .      Spirit   .    b - +0 scale mail
rPois   .          Reflect  .    e - +0 helmet
rElec   .          Harm     .    k - scarf {rC+ rF+}
rCorr   +          Rampage  .    (no gloves)
Will    .....                    (no boots)
Stlth   ..........               (no amulet)
HPRegen 0.18/turn                i - +6 ring of intelligence
MPRegen 0.10/turn                p - ring of resist corrosion

@: mighty
A: no striking features
a: no special abilities


You were on level 4 of the Dungeon.
You visited 1 branch of the dungeon, and saw 6 of its levels.

You collected 237 gold pieces.

Inventory:

Hand Weapons
 a - a +1 war axe (weapon)
Armour
 b - a +0 scale mail (worn)
 c - a +0 kite shield (worn)
 e - a +0 helmet (worn)
 k - a scarf of resistance (worn)
Magical Staves
 r - a staff of cold
Jewellery
 i - a +6 ring of intelligence (left hand)
 o - a ring of fire
 p - a ring of resist corrosion (right hand)
Wands
 h - a wand of acid (7)
Scrolls
 f - a scroll of silence
 g - 2 scrolls of identify
Potions
 l - a potion of cancellation
 n - a potion of brilliance


   Skills:
 + Level 5.0 Fighting
 + Level 4.5 Axes
 - Level 3.2 Armour
 - Level 2.5 Dodging
 + Level 4.6 Shields
 - Level 2.2 Necromancy


You had 4 spell levels left.
You knew the following spells:

 Your Spells              Type           Power      Damage    Failure   Level
a - Necrotise             Necr           28%        1d5       65%         1

Your spell library contained the following spells:

 Spells                   Type           Power      Damage    Failure   Level
 Vampiric Draining        Necr           7%         2d6       95%         3
 Agony                    Necr           7%         N/A       100%        5


Dungeon Overview and Level Annotations

Branches:
Dungeon (6/15)
 Temple: D:4-7

Altars:
Gozag
Xom

Annotations:
D:1 2 transporters


Message History

You block the gnoll's attack.
The gnoll bouda hits you but does no damage.
The gnoll barely misses you. You block the gnoll's attack.
The gnoll hits you with a +0 club. The gnoll hits you but does no damage.
The gnoll bouda barks out a call to the hunt!
The gnolls pick up the pace!
The gnoll hits you with a +0 flail!
* * * LOW HITPOINT WARNING * * *
You slash the gnoll!
You kill the gnoll!
You barely miss the gnoll. You slash the gnoll! You hit the gnoll bouda.
The gnoll hits you with a +0 flail.
* * * LOW HITPOINT WARNING * * *
The gnoll bouda hits you with a +0 whip!
* * * LOW HITPOINT WARNING * * *
You block the gnoll's attack.
You closely miss the gnoll.
The gnoll is lightly wounded.
You slash the gnoll!
You kill the gnoll!
You hit the gnoll bouda. The gnoll barely misses you.
The gnoll bouda hits you with a +0 whip.
* * * LOW HITPOINT WARNING * * *
The gnoll closely misses you. You block the gnoll bouda's attack.
Your Fighting skill increases to level 5!
You hit the gnoll.
The gnoll is heavily wounded.
You hit the gnoll bouda but do no damage.
The gnoll closely misses you.
The gnoll bouda hits you but does no damage.
Okay, then.
Okay, then.
You slice the gnoll!!
You kill the gnoll!
You barely miss the gnoll bouda. The gnoll bouda barely misses you. x2
Unknown command.
You hit the gnoll bouda.
The gnoll bouda is heavily wounded.
The gnoll bouda hits you with a +0 whip!
You die...

.#####......#...##(##...#........
........#+###...##+##...#########
........#.................#
........'.................#
........#.................#
........##......##........#
##########......##.....##########
...#....#......)##.....#.........
...#....#......)@#.....#.........
...#....#......g)#.....'.........
...#...†#........'.....#.........
#..#....##..##..###...##.........
######..##..##..###...###########
# #.......#....#....# #
#.......#....'....# #
#.......#....#....# #
#.......#....#....#


You could see a gnoll bouda.

Vanquished Creatures
  A water moccasin (D:5)
  A hound (D:4)
  3 iguanas (D:4)
  3 gnolls (D:4)
  5 adders
  2 dart slugs
  8 orcs
  7 bats
  7 endoplasms
  5 giant cockroaches
  4 goblins
  9 hobgoblins
  3 jackals (D:1)
  3 quokkas
  5 ball pythons
  4 frilled lizards (D:1)
  3 kobolds
  6 rats
79 creatures vanquished.

Vanquished Creatures (others)
  15 plants (D:2)
15 creatures vanquished.

Grand Total: 94 creatures vanquished

Notes
Turn   | Place    | Note
-------+----------+-------------------------------------------
     0 | D:1      | Ijustatesigmund the Hill Orc Fighter began the quest for
                  | the Orb.
     0 | D:1      | Reached XP level 1. HP: 19/19 MP: 1/1
    51 | D:1      | Reached skill level 1 in Dodging
   311 | D:1      | Reached XP level 2. HP: 23/26 MP: 2/2
   505 | D:1      | Learned a level 1 spell: Necrotise
   644 | D:1      | Reached XP level 3. HP: 31/31 MP: 3/3
   706 | D:1      | Reached skill level 1 in Necromancy
   738 | D:1      | Found a faded altar of an unknown god.
  1327 | D:2      | Reached XP level 4. HP: 38/39 MP: 4/4
  2322 | D:3      | Found a shimmering altar of Xom.
  2424 | D:3      | Found an opulent altar of Gozag.
  2554 | D:4      | Reached XP level 5. HP: 46/46 MP: 5/5
  2560 | D:4      | Reached skill level 4 in Fighting
  3571 | D:4      | You fall into a shaft and drop 2 floors!
  3606 | D:5      | Entered Level 5 of the Dungeon
  3644 | D:5      | Noticed a water moccasin
  3649 | D:5      | Killed a water moccasin
  3650 | D:5      | Reached XP level 6. HP: 36/53 MP: 6/6
  4602 | D:4      | Reached skill level 5 in Fighting
  4604 | D:4      | Slain by a gnoll bouda

Illustrated notes

Levels and vault maps discovered:
D:1:      spicycebolla_arrival_transporter_tutorial, layout_rooms,
          hellmonk_ecumenical_altar_pennies_from_heaven, glass_columns_a,
          solitary_fountain
D:2:      layout_loops_ring, serial_bayou, serial_bayou_pond_d,
          serial_bayou_pond_e, serial_bayou_ford_a, serial_bayou_shore_b,
          serial_bayou_lake_a, serial_bayou_pond_e
D:3:      layout_basic, lemuel_round_altar,
          nicolae_gozag_cash_rules_everything_around_me
D:4:      layout_gridville
D:5:      layout_rooms, minmay_temple_entry_trees, serial_shops,
          nicolae_take_the_stairs, dk_rats_in_the_wall, uniq_menkaure
D:6:      layout_loops_corners

Skill      XL: |  1  2  3  4  5  6 |
---------------+-------------------+-----
Dodging        | 1 2 |  2.5
Necromancy     | 1 2 |  2.2
Axes           | 3 4 |  4.5
Fighting       | 4 5 |  5.0
Shields        | 4 |  4.6
Armour         | |  3.2

Action                   |  1- 3 |  4- 6 || total
-------------------------+-------+-------++-------
Melee: War axe           |   123 |   149 ||   272
Evoke: Wand              |       |     3 ||     3
  Use: Potion            |       |     6 ||     6
       Scroll            |       |     9 ||     9
Armor: Scale mail        |    91 |    72 ||   163
Dodge: Dodged            |    66 |    60 ||   126
Block: Buckler           |    44 |     9 ||    53
       Kite shield       |       |    62 ||    62

Table legend: (Time is in decaauts)
 A = Elapsed time spent in this place.
 B = Non-inter-level travel time spent in this place.
 C = Inter-level travel time spent in this place.
 D = Time resting spent in this place.
 E = Time spent auto-exploring this place.
 F = Levels seen in this place.
 G = Mean time per level.
                   A        B        C        D        E       F      G
               +--------+--------+--------+--------+--------+-----+--------+
         Total |   4761 |   4670 |     91 |   1924 |   2021 |   6 |  793.5 |
       Dungeon |   4761 |   4670 |     91 |   1924 |   2021 |   6 |  793.5 |
               +--------+--------+--------+--------+--------+-----+--------+

Top non-repeatable levels by time:
     D:4: 1679 daAuts
     D:2: 1151 daAuts
     D:1: 942 daAuts
     D:3: 554 daAuts
     D:5: 398 daAuts
     D:6: 35 daAuts
